 Dungeon Crawl Stone Soup version 0.29-a0-802-g34511f41fd (webtiles) character file.

Game seed: 679643791123490758

3164 avis the Skirmisher (level 9, -6/75 HPs)
             Began as a Demigod Ice Elementalist on July 4, 2022.
             Mangled by an orc warrior
             ... wielding a +0 war axe
              (17 damage)
             ... in a bailey.
             The game lasted 00:52:16 (8658 turns).

avis the Skirmisher (Demigod Ice Elementalist)      Turns: 8658, Time: 00:52:17

Health: -6/75      AC: 22    Str:  9    XL:     9   Next: 36%
Magic:  1/18       EV: 12    Int: 23    God:
Gold:   382        SH:  5    Dex: 26    Spells: 9/16 levels left

rFire   . . .      SeeInvis .   b - +0 sling
rCold   . . .      Faith    .   B - +0 buckler
rNeg    . . .      Spirit   .   E - +1 steam dragon scales
rPois   .          Reflect  .   o - +0 helmet
rElec   .          Harm     .   s - +0 cloak
rCorr   .          Rampage  +   (no gloves)
Will    .....                   L - +2 pair of boots {rampage}
Stlth   +++.......              (no amulet)
HPRegen 0.22/turn               c - +4 ring of protection
MPRegen 0.16/turn               n - +6 ring of intelligence

@: ice-armoured
A: high MP 1, forlorn, divine attributes
a: no special abilities


You were in a bailey.
You visited 2 branches of the dungeon, and saw 9 of its levels.
You also visited: Bailey.

You collected 382 gold pieces.

Inventory:

Hand Weapons
 a - a +1 dagger of speed
 b - a +0 sling (weapon)
 u - a +2 vampiric dagger
 P - a +2 dagger of venom
Missiles
 e - 15 boomerangs
Armour
 o - a +0 helmet (worn)
 s - a +0 cloak (worn)
 B - a +0 buckler (worn)
 E - +1 steam dragon scales (worn)
 L - a +2 pair of boots of rampaging (worn)
Jewellery
 c - a +4 ring of protection (left hand)
 n - a +6 ring of intelligence (right hand)
 p - a +4 ring of protection
Wands
 F - a wand of flame (18)
 G - a wand of roots (10)
 K - a wand of quicksilver (10)
 O - a wand of charming (9)
Scrolls
 d - 2 scrolls of teleportation
 h - 3 scrolls of fear
 j - 2 scrolls of fog
 q - a scroll of silence {unknown}
 x - a scroll of enchant weapon {unknown}
 y - a scroll of blinking
Potions
 g - 4 potions of might
 i - a potion of magic
 m - 2 potions of flight
 t - 3 potions of resistance
 v - 6 potions of heal wounds
 w - 2 potions of ambrosia
 z - a potion of invisibility
 A - 2 potions of cancellation
 D - a potion of haste {unknown}
 H - 5 potions of curing
 I - a potion of brilliance {unknown}
 M - a potion of berserk rage {unknown}


   Skills:
 - Level 6.0 Fighting
 * Level 8.9 Ranged Weapons
 - Level 1.7 Dodging
 - Level 1.7 Stealth
 - Level 4.0 Spellcasting
 - Level 6.0 Ice Magic


You had 9 spell levels left.
You knew the following spells:

 Your Spells              Type           Power      Damage    Failure   Level
a - Freeze                Ice            100%       1d11      1%          1
o - Ozocubu's Armour      Ice            32%        N/A       3%          3
r - Frozen Ramparts       Ice            64%        1d8       3%          3

Your spell library contained the following spells:

 Spells                   Type           Power      Damage    Failure   Level
 Gell's Gravitas          Tloc           4%         N/A       38%         3
 Lesser Beckoning         Tloc           4%         N/A       38%         3
 Teleport Other           Tloc           4%         N/A       38%         3
 Hailstorm                Conj/Ice       18%        3d6       38%         4


Dungeon Overview and Level Annotations

Branches:
Dungeon (8/15)             Temple (1/1) D:6          Bailey (1/1)
   Lair: D:8-11

Shops:
D:4 (   D:5 (   D:8 (

Annotations:
D:7 lava protected goods


Innate Abilities, Weirdness & Mutations

You have an increased reservoir of magic. (+10% MP)
You shall have no god before yourself.
Your divine heritage dramatically boosts your attributes as you level up.


Message History

Aim: an orc knight, wielding a +0 broad axe and wearing a +0 scale mail (almost dead, 64% to hit)
You shoot a sling bullet.
The sling bullet hits the orc knight but does no damage.
The orc knight is almost dead.
You block the orc knight's attack. You block the orc warrior's attack.
Fire: b) +0 sling
Press: ? - help, Q - select action, (/) - cycle Shift-Dir - straight line, f/p - orc knight
Aim: an orc knight, wielding a +0 broad axe and wearing a +0 scale mail (almost dead, 64% to hit)
You shoot a sling bullet. The sling bullet hits the orc knight!
The orc knight is almost dead.
The orc knight hits you with a +0 broad axe.
* * * LOW HITPOINT WARNING * * *
You block the orc warrior's attack.
Fire: b) +0 sling
Press: ? - help, Q - select action, (/) - cycle Shift-Dir - straight line, f/p - orc knight
Aim: an orc knight, wielding a +0 broad axe and wearing a +0 scale mail (almost dead, 64% to hit)
You shoot a sling bullet.
The sling bullet barely misses the orc knight.
The orc knight closely misses you.
The orc warrior hits you with a +0 war axe!
* * * LOW HITPOINT WARNING * * *
Aiming: Quicksilver Bolt
Press: ? - help, Shift-Dir - straight line, f/p - orc knight
Aim: an orc knight, wielding a +0 broad axe and wearing a +0 scale mail (almost dead, 64% to hit)
The bolt of dispelling energy misses the orc knight.
The orc knight completely misses you.
The orc warrior splashes around in the water.
Aiming: Quicksilver Bolt
Press: ? - help, Shift-Dir - straight line, f/p - orc knight
Aim: an orc knight, wielding a +0 broad axe and wearing a +0 scale mail (almost dead, 64% to hit)
The bolt of dispelling energy hits the orc knight!
You kill the orc knight!
The orc warrior barely misses you.
Fire: b) +0 sling
Press: ? - help, Q - select action, (/) - cycle Shift-Dir - straight line, f - orc warrior
Aim: an orc warrior, wielding a +0 war axe and wearing a +0 ring mail (heavily wounded, strong, 64% to hit)
You shoot a sling bullet. The sling bullet hits the orc warrior.
The orc warrior is severely wounded.
The orc warrior hits you with a +0 war axe!
You die...

♣.....)).....#....
♣∩.∩...†.....#....
♣......'.....#g...
♣♣.....#....##8.8.
♣....##..†.#≈!...
♣...##.....#≈)...
♣≈≈##......##≈≈≈# #..
♣≈≈#........#########.....
♣≈≈#..8..8....@))†))'.....
♣≈≈#..........#o≈≈≈≈#.....
♣≈≈##.........#≈≈≈≈(# .8.
♣≈≈≈##...8...##≈≈≈≈≈# .
♣♣≈≈ ##.....##.......#
##...##.........#
#####♣♣♣.....♣♣♣ ♣♣♣∩♣♣♣
♣♣


You could see an orc warrior (strong).

Vanquished Creatures
  Pikel (D:5)
  An orc knight (Bailey)
  A hornet (D:8)
  A steam dragon (D:7)
  An orc warrior (Bailey)
  An ice beast (D:7)
  A black bear (D:6)
  An ogre (D:5)
  A kobold brigand (D:7)
  2 phantoms (D:5)
  2 bullfrogs
  A necrophage (D:7)
  6 scorpions
  4 hounds
  3 jellies
  An orc priest (D:6)
  7 orc wizards
  5 iguanas
  2 gnolls (Bailey)
  6 adders
  2 white imps
  3 ufetubi
  3 worms (D:3)
  20 orcs
  9 ball pythons
  7 endoplasms
  3 giant cockroaches (D:4)
  17 goblins
  13 hobgoblins
  2 quokkas
  5 bats
  4 frilled lizards
  23 kobolds
  5 rats
164 creatures vanquished.

Vanquished Creatures (collateral kills)
  A water moccasin (D:8)
1 creature vanquished.

Grand Total: 165 creatures vanquished

Notes
Turn   | Place    | Note
-------+----------+-------------------------------------------
     0 | D:1      | avis the Demigod Ice Elementalist began the quest for the
                  | Orb.
     0 | D:1      | Reached XP level 1. HP: 14/14 MP: 5/5
   290 | D:1      | Reached skill level 1 in Fighting
   729 | D:1      | Reached XP level 2. HP: 21/23 MP: 2/7
  1714 | D:2      | Reached XP level 3. HP: 29/29 MP: 5/8
  1744 | D:2      | Learned a level 3 spell: Ozocubu's Armour
  2361 | D:3      | Reached skill level 1 in Ranged Weapons
  2611 | D:3      | Reached skill level 2 in Ranged Weapons
  2611 | D:3      | Reached XP level 4. HP: 27/36 MP: 1/9
  3425 | D:4      | Reached XP level 5. HP: 45/45 MP: 5/11
  3456 | D:4      | Learned a level 3 spell: Frozen Ramparts
  3563 | D:4      | Found Oghaciac's Antique Weapon Emporium.
  4456 | D:5      | Entered Level 5 of the Dungeon
  4462 | D:5      | Reached skill level 5 in Ice Magic
  4462 | D:5      | Reached XP level 6. HP: 51/51 MP: 10/13
  4554 | D:5      | Noticed Pikel
  4651 | D:5      | Killed Pikel
  4652 | D:5      | Reached skill level 4 in Ranged Weapons
  4652 | D:5      | Reached XP level 7. HP: 44/59 MP: 5/15
  5057 | D:5      | Found Nail's Weapon Emporium.
  5154 | D:5      | Reached XP level 8. HP: 66/66 MP: 11/17
  5281 | D:5      | Reached skill level 5 in Ranged Weapons
  6040 | D:6      | Found a staircase to the Ecumenical Temple.
  6050 | Temple   | Entered the Ecumenical Temple
  6109 | D:6      | Reached skill level 6 in Ranged Weapons
  6677 | D:6      | Reached skill level 5 in Fighting
  7233 | D:7      | Reached skill level 7 in Ranged Weapons
  7914 | D:7      | Reached XP level 9. HP: 74/74 MP: 13/18
  8217 | D:8      | Reached skill level 8 in Ranged Weapons
  8354 | D:8      | Found Peryegogh's Antique Weapon Boutique.
  8468 | D:8      | Found a flagged portal.
  8502 | Bailey   | Entered a bailey
  8572 | Bailey   | Noticed an orc warlord
  8572 | Bailey   | Found the +9 heavy crossbow "Sniper" {vorpal, Acc+∞ SInv}
  8631 | Bailey   | Noticed an orc knight
  8657 | Bailey   | Killed an orc knight
  8658 | Bailey   | Mangled by an orc warrior

Illustrated notes

Levels and vault maps discovered:
D:1:      dpeg_arrival_round_b, layout_loops_ring
D:2:      layout_basic, ebering_ecumenical_altar_mist, dk_noncrumbling_4,
          chequers_serial_rivers_room_a
D:3:      layout_rooms, bloody_makhleb, nicolae_sif_muna_condensation
D:4:      layout_loops_ring, beargit_hepliaklqana_dungeon_heroes, serial_shops,
          nicolae_take_the_stairs, grunt_ministairs_11
D:5:      layout_loops_ring, nicolae_overflow_squiral,
          mainiacjoe_overflow_surrounded_room, serial_shops,
          nicolae_shop_bloodbath_and_beyond, uniq_pikel
D:6:      layout_basic, mainiacjoe_overflow_large_starburst,
          nicolae_overflow_crystal_walls, mainiacjoe_overflow_catwalk,
          minmay_temple_entry_arrows, kennysheep_another_room,
          grunt_decor_fettered, minivault_22
D:7:      layout_gridville, nicolae_wu_jian_glorious_leap,
          mainiacjoe_overflow_paths
D:8:      layout_loops_ring, kennysheep_mini, mainiacjoe_overflow_alcove_1,
          mainiacjoe_overflow_small_starburst, serial_shops, shop,
          enter_bailey_5, minmay_misc_feat_rugged
Temple:   hellmonk_temple_micro_hex
Bailey:   bailey_axe_bossmonster_kennysheep, bailey

Skill      XL: |  1  2  3  4  5  6  7  8  9 |
---------------+----------------------------+-----
Fighting       | 1 2 3 4 5 6 |  6.0
Spellcasting   | 2 3 4 |  4.0
Ice Magic      | 4 5 6 |  6.0
Ranged Weapons | 2 4 7 8 |  8.9
Dodging        | |  1.7
Stealth        | |  1.7

Action                   |  1- 3 |  4- 6 |  7- 9 || total
-------------------------+-------+-------+-------++-------
Melee: Unarmed           |     1 |       |       ||     1
       Dagger            |       |    13 |    17 ||    30
 Fire: Sling             |    67 |   100 |   234 ||   401
 Cast: Freeze            |    48 |    40 |    96 ||   184
       Ozocubu's Armour  |     4 |    11 |    27 ||    42
Evoke: Wand              |       |       |     5 ||     5
  Use: Potion            |       |     1 |       ||     1
       Scroll            |       |       |    17 ||    17
Armor: Robe              |    19 |    58 |    74 ||   151
       Steam dragon scal |       |       |    39 ||    39
Dodge: Dodged            |    30 |    95 |   123 ||   248
Block: Buckler           |       |     5 |    38 ||    43

Table legend: (Time is in decaauts)
 A = Elapsed time spent in this place.
 B = Non-inter-level travel time spent in this place.
 C = Inter-level travel time spent in this place.
 D = Time resting spent in this place.
 E = Time spent auto-exploring this place.
 F = Levels seen in this place.
 G = Mean time per level.
                   A        B        C        D        E       F      G
               +--------+--------+--------+--------+--------+-----+--------+
         Total |   8736 |   7843 |    893 |   2118 |   3948 |  10 |  873.6 |
       Dungeon |   8542 |   7649 |    893 |   2097 |   3948 |   8 | 1067.8 |
        Temple |     35 |     35 |      0 |     10 |      0 |   1 |   35.0 |
        Bailey |    158 |    158 |      0 |     11 |      0 |   1 |  158.0 |
               +--------+--------+--------+--------+--------+-----+--------+

Top non-repeatable levels by time:
     D:4: 1572 daAuts
     D:7: 1405 daAuts
     D:5: 1287 daAuts
     D:1: 1269 daAuts
     D:2: 1029 daAuts
     D:6: 845 daAuts
     D:3: 829 daAuts
     D:8: 303 daAuts
  Bailey: 158 daAuts
  Temple: 35 daAuts
